 Dungeon Crawl Stone Soup version 0.31-a0-182-gc5ef74bbde (webtiles) character file.

Game seed: 12052804082633055398

119 Demosthentine the Poker (level 4, -2/35 HPs)
             Began as a Demonspawn Gladiator on June 21, 2023.
             Killed by divine providence
             ... invoked by an orc priest
              (13 damage)
             ... on level 4 of the Dungeon.
             The game lasted 00:01:54 (2161 turns).

Demosthentine the Poker (Demonspawn Gladiator)      Turns: 2161, Time: 00:01:55

Health: -2/35      AC:  7    Str: 16    XL:     4   Next: 73%
Magic:  4/4        EV: 12    Int:  9    God:
Gold:   172        SH:  0    Dex: 15    Spells: 3/3 levels left

rFire   + . .        a - +0 trident
rCold   . . .        (no shield)
rNeg    . . .        h - +0 leather armour {rF+}
rPois   .            c - +0 helmet
rElec   .            g - +0 cloak
rCorr   .            m - +1 pair of gloves
SInv    .            (no boots)
Will    .....        (no amulet)
Stlth   +            (no ring)
HPRegen 0.25/turn    (no ring)
MPRegen 0.09/turn

%: no passive effects
@: no status effects
A: demonic magic 3
a: no special abilities


You were on level 4 of the Dungeon.
You visited 1 branch of the dungeon, and saw 4 of its levels.

You collected 172 gold pieces.

Inventory:

Hand Weapons
 a - a +0 trident (weapon)
Missiles
 d - 4 throwing nets (quivered)
 e - a javelin
 l - 7 poisoned darts
Armour
 c - a +0 helmet (worn)
 g - a +0 cloak (worn)
 h - a +0 leather armour of fire resistance (worn)
 m - a +1 pair of gloves (worn)
Scrolls
 o - 2 scrolls of fog
Potions
 b - a potion of enlightenment {unknown}
 f - 2 potions of curing
 i - 2 potions of lignification {unknown}
 k - a potion of might {unknown}


   Skills:
 + Level 3.0 Fighting
 + Level 3.4 Polearms
 - Level 1.7 Throwing
 + Level 1.8 Armour
 + Level 3.3 Dodging


You had 3 spell levels left.
You didn't know any spells.
Your spell library contained the following spells:

 Spells                   Type           Power      Damage    Failure   Level
 Tukima's Dance           Hex            0%         N/A       83%         3
 Passage of Golubria      Tloc           0%         N/A       99%         4
 Yara's Violent Unravell  Hex/Tmut       0%         3d3       100%        5


Dungeon Overview and Level Annotations

Branches:
Dungeon (4/15)
 Temple: D:4-7

Altars:


Innate Abilities, Weirdness & Mutations

Spells you cast and wands you use may paralyse nearby enemies.


Message History

You're too confused to move!
An orc comes into view. It is wielding a +0 whip.
Unknown command.
An orc comes into view. It is wielding a +0 hand axe.
Unknown command.
You feel less confused.
The orc priest begins to cast a cantrip, but forgets the words!
The orc hits you but does no damage.
Unknown command.
You hit the orc.
The orc is heavily wounded.
The orc hits you but does no damage.
You hit the orc.
You kill the orc!
The orc priest invokes the aid of Beogh against you.
You barely resist.
You reach to attack!
You hit the orc priest.
The orc priest is heavily wounded.
You hit the orc priest but do no damage.
The orc priest is heavily wounded.
The orc priest closely misses you.
You barely miss the orc priest.
The orc priest is heavily wounded.
The orc priest hits you with a +0 hand axe.
You hit the orc priest.
The orc priest is severely wounded.
The orc priest looks braver for a moment.
You closely miss the orc priest.
The orc priest is severely wounded.
The orc priest invokes the aid of Beogh against you.
Beogh smites you! The orc priest barely misses you.
You hit the orc priest.
The orc priest is almost dead.
The orc priest mumbles some strange prayers to Beogh against you.
Pain shoots through your body!
You closely miss the orc priest.
The orc priest is almost dead.
The orc priest invokes the aid of Beogh against you.
Beogh smites you!
You die...

### ..# #.# #.# #.#
#@#### ## #o##.##
..
.##.##.#...#####.#
#...o.oo.....<>.†.#
....o####?..#######
...# ##.## ## #.#
#.# #+#


You could see an orc priest and 2 orcs.

Vanquished Creatures
  Terence (D:2)
  3 adders
  A worm (D:3)
  4 dart slugs
  4 orcs
  4 endoplasms
  3 giant cockroaches
  2 goblins (D:3)
  4 hobgoblins
  3 quokkas
  6 ball pythons
  10 bats
  4 frilled lizards
  3 kobolds
  3 rats
55 creatures vanquished.

Notes
Turn   | Place    | Note
-------+----------+-------------------------------------------
     0 | D:1      | Demosthentine the Demonspawn Gladiator began the quest for
                  | the Orb.
     0 | D:1      | Reached XP level 1. HP: 16/16 MP: 1/1
   107 | D:1      | Gained mutation: Spells you cast may paralyse adjacent
                  | enemies. [demonic ancestry]
   107 | D:1      | Reached XP level 2. HP: 22/22 MP: 2/2
   788 | D:2      | Reached skill level 1 in Armour
   875 | D:2      | Gained mutation: Spells you cast may paralyse nearby
                  | enemies. [demonic ancestry]
   875 | D:2      | Reached XP level 3. HP: 28/28 MP: 3/3
   942 | D:2      | Identified the +10 hand axe "Edao" {flame, rPois Will++
                  | MP+9 SInv Stlth-}
   955 | D:2      | Found a faded altar of an unknown god.
  1042 | D:2      | Noticed Terence
  1051 | D:2      | Killed Terence
  1178 | D:2      | Gained mutation: Spells you cast and wands you use may
                  | paralyse nearby enemies. [demonic ancestry]
  1178 | D:2      | Reached XP level 4. HP: 29/34 MP: 4/4
  2161 | D:4      | Killed from afar by an orc priest

Illustrated notes

Levels and vault maps discovered:
D:1:      denvon_arrival_planthouse, layout_rooms, serial_bayou,
          serial_bayou_shore_b, serial_bayou_crossing, serial_bayou_shore_a,
          serial_bayou_lake_a
D:2:      layout_rooms, basic_ecumenical_altar, uniq_terence
D:3:      layout_basic
D:4:      layout_loops_corners, serial_rivers, chequers_serial_rivers_room_b,
          chequers_serial_rivers_small_a, chequers_serial_rivers_small_b,
          chequers_serial_rivers_micro_c, ebering_dispersal_statue_hall,
          uniq_menkaure

Skill      XL: |  1  2  3  4 |
---------------+-------------+-----
Polearms       | 3 |  3.4
Armour         | 1 |  1.8
Dodging        | 3 |  3.3
Fighting       | 3 |  3.0
Throwing       | |  1.7

Action                     |  1- 3 |  4- 6 || total
---------------------------+-------+-------++-------
  Melee: Trident           |   116 |    76 ||   192
         Punch             |     1 |     2 ||     3
  Throw: Throwing net      |     1 |       ||     1
    Use: Scroll            |       |     6 ||     6
   Stab: Held in net/web   |     1 |       ||     1
         Sleeping          |       |     2 ||     2
 Armour: Leather armour    |    31 |    23 ||    54
  Dodge: Dodged            |    65 |    38 ||   103

Table legend: (Time is in decaauts)
 A = Elapsed time spent in this place.
 B = Non-inter-level travel time spent in this place.
 C = Inter-level travel time spent in this place.
 D = Time resting spent in this place.
 E = Time spent auto-exploring this place.
 F = Levels seen in this place.
 G = Mean time per level.
                   A        B        C        D        E       F      G
               +--------+--------+--------+--------+--------+-----+--------+
         Total |   2266 |   2226 |     40 |      0 |   1759 |   4 |  566.5 |
       Dungeon |   2266 |   2226 |     40 |      0 |   1759 |   4 |  566.5 |
               +--------+--------+--------+--------+--------+-----+--------+

Top non-repeatable levels by time:
     D:3: 873 daAuts
     D:1: 870 daAuts
     D:2: 467 daAuts
     D:4: 54 daAuts
